[Event "E Women's Candidates Tournament 2022"]
[Site "Monaco"]
[Date "2022.10.30"]
[Round "7"]
[White "Muzychuk, Anna"]
[Black "Koneru, Humpy"]
[Result "1/2-1/2"]
[WhiteElo "2534"]
[BlackElo "2574"]
[ECO "C43"]
[EventDate "2022.??.??"]
[Annotator "rafael"]
[PlyCount "66"]
[Beauty "6533740031554"]
[EventType "team-tourn"]
[EventCountry "FID"]
[TimeControl "5400+30"]

1.e4 e5 2.Nf3 Nf6 {Here we have the good old Petroff again. Is this defense taking the Berlin's place as Black's bulletproof option against 1. e4 $2} 3.d4 Nxe4 4.dxe5 d5 5.Nbd2 Nxd2 ( 5...Qd7 {was played by Nepomniachtchi in the last round of the Candidates Tournament against Duda.} ) ( 5...Nc5 {is also a popular move.} ) 6.Bxd2 Be7 7.Bd3 c5 8.c3 Bg4 ( 8...Nc6 {is more common.} ) 9.h3 Bh5 10.Bf5 $5 {Muzychuk had put her bishop on f5 also in the first game and now tries it six moves earlier. It's a new and interesting idea. In combination with g2-g4, the bishop on f5 creates discomfort for Black. I remember analyzing a similar idea in the Open Ruy Lopez.} ( 10.Qe2 {was played in Dichev-Stoyanov, Primorsko 2016.} ) ( {The first game of the tiebreak went} 10.O-O Nc6 11.Re1 Qd7 12.Bf4 a6 13.a4 Nd8 14.g4 Ne6 15.Bg3 Bg6 16.Bf5 Qc6 17.a5 h5 {with a draw after 32 moves.} ) 10...Nc6 11.g4 $1 Bg6 12.Qe2 {This is the idea. White plans to castle queenside and then play h4-h5. Black needs to be fast.} 12...Qb6 $6 {Too slow.} ( 12...O-O $1 {is better, with the idea of playing Re8 quickly and exploiting the pin on the e-pawn.} ) 13.O-O-O Bxf5 {A sad necessity.} ( 13...O-O 14.h4 $1 {White's attack is very strong.} ) 14.gxf5 O-O-O 15.Rhg1 Rhe8 $6 {A move that looks interesting, sacrificing a pawn, but White gets the advantage. I must remember that this was a rapid game, so this move was a good practical chance.} ( 15...Rhg8 16.Bf4 {With a clear advantage.} ( 16.Ng5 {is tempting, but not so strong since Black has drawing chances in the endgame after} 16...Nxe5 $1 17.Qxe5 Bxg5 18.Bxg5 f6 19.Qe6+ Qxe6 20.fxe6 fxg5 21.Rxg5 Rge8 22.Rgxd5 Rxd5 23.Rxd5 Rxe6 24.Rxc5+ Kd7 ) ) 16.Rxg7 Bf6 17.Rxf7 Bxe5 ( 17...Nxe5 18.Nxe5 Rxe5 19.Qg4 {White is much better.} ) 18.Qf1 $2 {The machine indicates a greedy continuation that gives White a winning advantage.} ( 18.Nxe5 Nxe5 19.Rxh7 $1 {Not afraid of a discovered attack.} 19...Nc4 20.Be3 $1 {and White defends everything.} ) 18...Qa5 $2 ( 18...Na5 $1 {is a better chance to create counterplay; the knight heads to c4. The position is unclear after} 19.Nxe5 Rxe5 20.Bg5 Rde8 ) 19.Kb1 Qa4 20.Bg5 $2 {This move allows Black an incredible resource, as the c3-pawn is now susceptible to a sacrifice from the black bishop.} ( 20.Re1 $1 {is much better for White.} ) 20...Rd6 $2 {Missing the chance, but to be honest the idea is nearly impossible to find.} ( 20...Bxc3 $3 21.bxc3 d4 $3 {Believe it or not, the computer indicates a draw by perpetual check now.} 22.cxd4 ( 22.Bxd8 $2 dxc3 {and Black even wins.} ) 22...Qb4+ 23.Ka1 Qc3+ 24.Kb1 Qb4+ ) 21.Rxh7 $2 ( 21.Re1 $1 {Again this move is necessary, pinning the e5-bishop.} ) 21...Bxc3 $1 {This time Koneru seizes the opportunity.} 22.b3 $6 ( 22.bxc3 {is scientifically the best move, but no one can blame Muzychuk for not playing like that, as Black's attack looks deadly.} 22...Ne5 ( 22...Na5 $6 23.Rh6 $1 {This is a critical and very-difficult-to-find resource.} ) ( 22...Nb4 23.Rd2 ( 23.cxb4 $2 Qxb4+ 24.Kc2 Rb6 $19 ) 23...Rb6 24.Rh6 $1 ( 24.Rb2 $2 Nxa2 $1 25.Rxb6 Nxc3+ 26.Kb2 axb6 27.Kxc3 Qa3+ 28.Kc2 Qa2+ $17 ) 24...Nxa2+ 25.Rxb6 Nxc3+ 26.Kb2 axb6 27.Kxc3 Qa3+ 28.Kc2 Qa2+ 29.Kc3 Qa3+ ) 23.Rh6 $1 ( 23.Nxe5 $2 Rb6+ 24.Ka1 Qc2 {followed by mate in a few moves.} ) 23...Rxh6 24.Bxh6 Qe4+ 25.Ka1 Qxf3 {and I prefer Black.} ) 22...Qa5 ( 22...Qa3 23.Bc1 Qb4 {is possible. We will soon see this variation again.} ) 23.Bf4 Nb4 $2 ( 23...Qa3 $1 24.Bc1 Qb4 {White's dangerous bishop is driven back, and Black has the advantage due to more active pieces, better pawn structure, and safer king.} ) 24.a4 Rc6 $2 {This move loses.} ( 24...Rd7 $1 {is necessary:} 25.Rxd7 Kxd7 {with an unclear position.} ) 25.Qb5 $1 {A surprising and spectacular move.} 25...Qxb5 ( 25...Qb6 {This move doesn't save Black.} 26.Rg1 c4 27.Ne5 $1 Bxe5 28.Bxe5 {with a winning advantage since the bishop cannot be captured.} 28...Rxe5 29.Rg8+ ) 26.axb5 Re2 {The last chance.} ( 26...Rb6 27.Rc7+ Kd8 28.Rxc5 {and the position falls apart.} ) 27.Bd2 ( 27.Rd2 {is also winning.} 27...Bxd2 28.Rh8+ $1 Kd7 29.bxc6+ Kxc6 30.Bxd2 Rxf2 31.Ne5+ Kd6 32.Bxb4 cxb4 33.Nd3 Rxf5 34.Nxb4 {And White won't have problems converting this endgame with an extra piece.} ) 27...Bxd2 28.bxc6 Bc3 29.cxb7+ Kb8 30.Rg1 $2 {This move allows perpetual check.} ( 30.Nd2 $1 {is the correct winning move. It's not hard to spot since it's very logical, but the resulting variations are quite complicated.} 30...Bxd2 31.Rg1 ( 31.Rxd2 Rxd2 32.f6 {The computer shows this is also winning, but I imagine a human being scared of a perpetual check here.} ) 31...Bg5 {This position reminds me of the famous Dvoretsky's exercises: many tempting moves but only one of them is winning and the right one is very difficult to find.} 32.h4 $3 ( 32.Rxg5 $2 Re1+ 33.Kb2 Re2+ 34.Kc1 Na2+ {with perpetual check.} ) ( 32.f4 $2 Na2 $1 33.Rg3 ( 33.Rxg5 Nc3+ 34.Kc1 Na2+ 35.Kd1 Nc3+ {with a draw.} ) 33...c4 $1 34.bxc4 dxc4 35.fxg5 c3 {and surprisingly Black creates counterplay.} ) 32...Na2 ( 32...Bd8 33.f6 Rxf2 34.Rg8 Rf1+ 35.Kb2 Rf2+ 36.Kc1 {Here Black has no perpetual check.} 36...Nd3+ 37.Kb1 ) 33.Rg3 c4 {Here White is able to win because of the f2-pawn $1} 34.hxg5 c3 35.Re3 $3 {The only winning move.} 35...c2+ 36.Kxa2 Rxe3 ( 36...c1=Q+ 37.Rxe2 $18 ) 37.Kb2 {Black's resources are finally exhausted.} ) 30...Rb2+ 31.Kc1 Nd3+ 32.Kd1 Nxf2+ 33.Kc1 Nd3+ {A fascinating game $1} 1/2-1/2

[Event "U.S. Chess Championship 2022"]
[Site "St Louis"]
[Date "2022.10.05"]
[Round "1"]
[White "Yoo, Christopher Woojin"]
[Black "Niemann, Hans Moke"]
[Result "0-1"]
[WhiteElo "2563"]
[BlackElo "2699"]
[ECO "D00"]
[EventDate "2022.??.??"]
[Annotator "rafael"]
[PlyCount "109"]
[Beauty "6671157995604"]
[EventCountry "USA"]
[TimeControl "5400+30"]

1.d4 Nf6 2.Nc3 d5 3.Bf4 e6 4.Nb5 {I must admit that I never quite understood the point of White's game in this opening, with this far-fetched knight-jump. Which is not to say that the variation is bad, as it's played by many strong chess players.} 4...Na6 5.e3 {The idea is to leave the knight poorly placed on a6, although White loses some time with this and his own knight is no Pegasus.} 5...Be7 6.Nf3 O-O 7.Be2 {Yoo doesn't mind trading the f4-bishop. Other moves avoid this and are very common.} ( 7.Ne5 ) ( 7.h3 ) ( 7.h4 ) 7...Nh5 $1 8.Be5 f6 9.Bg3 c6 10.Nc3 c5 11.O-O Nxg3 12.hxg3 {A critical position after the opening. White's play is unimpressive - there doesn't seem to be enough compensation for losing the pair of bishops, a positional advantage beloved by all grandmasters. White will certainly try e3-e4 at some point to bring his pieces to life. Black's next move is very interesting and surprises those with obsolete strategic convictions.} 12...c4 $5 {A new move. It seems strange to close the center with the bishop pair. Haven't we been taught that what's best for them is an open position $2 But there is another advantage that must be taken into account: having more space. The idea becomes clear with the next move.} ( 12...Bd7 13.e4 {was played in Suyarov - Prraneeth, Stavanger 2022.} ) 13.e4 Bb4 $5 {Black tries to force a definition in the center. Which is better, taking on d5 or advancing the pawn $2 This question is very difficult to answer.} 14.exd5 ( 14.e5 {definitely had its merits, keeping the position tightly closed.} ) 14...exd5 15.Nb1 {A rather sad move, but White needs to rearrange his pieces.} 15...Nc7 16.c3 Bd6 17.Nbd2 b5 {We can declare Black the winner of the opening battle: his position is clearly more comfortable.} 18.Ne1 $6 {It's better to get some life on the queenside.} ( 18.a4 $1 {is the best move to fight for equality.} 18...a6 ( 18...b4 {This move is tempting, but White has a good answer.} 19.b3 $1 bxc3 20.Nb1 {And after capturing the c3-pawn, White will finally have a little more activity.} ) 19.axb5 axb5 20.Rxa8 Nxa8 {I still prefer Black, but with the exchange of rooks White is not as suffocated as in the game.} ) 18...Be6 19.Nc2 Qd7 20.Re1 a5 {Now Black has a clear advantage, as he has the bishop pair and more space.} 21.a3 g6 $5 {The beginning of an interesting plan: to play h5-Kg7-Rh8 and break on the kingside with h5-h4.} 22.Nf1 h5 23.Qd2 Kg7 24.f4 {If White stands still, defeat is certain. This move seems positionally dangerous, but at least it gains some space.} 24...Rh8 25.Bf3 f5 {This move is surprising to me. I expected the natural 25...h4 or doubling the rooks on the h-file before that. Black instead plans to move the knight to the juicy e4-square, but this allows White to use the e5-neighbor for an exchange sacrifice.} ( 25...h4 {Actually this move is not so dangerous for White.} 26.gxh4 Rxh4 27.g3 $1 Rh3 28.Re2 {And for now, everything is protected.} ) ( 25...Rh7 $5 {This is my favorite move, doubling the rooks before playing h4.} ) 26.Re2 ( 26.Re5 $1 {is better, basically winning a tempo compared to the game.} ) 26...Ne8 $1 27.Rae1 Bf7 28.Re5 Nf6 ( 28...Bxe5 $2 {Of course, this move is a crime, as it gives White everything he wants: a passed pawn and a wonderful knight on d4.} 29.dxe5 ) 29.Nfe3 h4 {Perhaps Black could wait a little longer before making this move, as White doesn't have an active plan.} 30.Qf2 $1 h3 31.Re2 $6 ( 31.Nxd5 {It seems crazy to capture this pawn, but the computer is not afraid.} 31...Bxd5 32.Bxd5 Bxe5 33.Bxa8 h2+ 34.Kh1 Bxf4 35.Qxf4 Rxa8 36.d5 $5 {And White has enough counterplay for equality.} ) 31...Rad8 {Now capturing on d5 is no longer possible.} 32.Qe1 Ne4 {Black has a clear advantage.} 33.g4 Bxe5 ( 33...hxg2 {This move is more accurate.} 34.Rxg2 Rh3 $1 {with a very strong attack, for example:} 35.Bxe4 dxe4 36.gxf5 Rdh8 $1 37.Kf2 R8h4 $1 {and the f4-pawn falls, with fatal consequences.} ) 34.dxe5 hxg2 35.Rxg2 Rh3 {The difference with the variation we saw earlier, in which Black doesn't capture on e5, is that White can now use the d4-square for his knight.} 36.e6 $2 {The losing move and from now on White has no chance.} ( 36.Bxe4 dxe4 37.Nd4 $1 {The position is very complicated. A possible line follows:} ( 37.gxf5 $2 Rdh8 38.Kf2 {It doesn't seem so simple to win here, but the computer shows the way.} 38...Kf8 $1 ( 38...Rf3+ 39.Kg1 ) 39.Nd4 gxf5 {and, according to the machine, Black wins here, although it's still necessary to play some difficult moves.} ) 37...fxg4 ( 37...Rdh8 38.Qd2 $1 ) 38.Nxg4 Rdh8 39.Qxe4 Bd5 40.e6 Bxe4 41.exd7 Rh1+ 42.Kf2 Bxg2 43.Ne6+ Kf7 44.d8=Q Rxd8 45.Nxd8+ Ke8 46.Kxg2 Rb1 47.Nb7 Rxb2+ 48.Kf3 {with good drawing chances for White.} ) 36...Bxe6 37.gxf5 Bxf5 38.Nxf5+ Qxf5 {White has surrendered his pawn for no good reason.} 39.Nd4 Qf6 40.Bxe4 Re8 $1 41.f5 Rxe4 42.Qf2 Reh4 {The game is over.} 43.Rxg6+ Qxg6+ 44.fxg6 Rh1+ 45.Kg2 R4h2+ 46.Kg3 Rxf2 47.Kxf2 Rh2+ 48.Ke3 Rxb2 49.Kf4 Kxg6 50.Ke5 b4 51.axb4 axb4 52.cxb4 c3 53.b5 Rxb5 {A nice finishing touch.} 54.Nxb5 c2 55.Kd4 0-1

[Event "Chess.com Global Championship 2022 - Fi"]
[Site "Chess.com"]
[Date "2022.11.02"]
[Round "4"]
[White "Nakamura, Hikaru"]
[Black "Duda, Jan Krzysztof"]
[Result "1-0"]
[WhiteElo "2768"]
[BlackElo "2731"]
[ECO "C65"]
[EventDate "2022.??.??"]
[Annotator "rafael"]
[PlyCount "63"]
[Beauty "8247679390217"]
[EventType "team-tourn"]
[TimeControl "900+2"]

1.e4 e5 2.Nf3 Nc6 3.Bb5 Nf6 4.d3 Bc5 5.c3 d5 ( 5...O-O {This move is more popular and is usually Nakamura's choice when playing the black side of this variation. Duda, however, has played 5...d5 a few times before.} ) 6.exd5 Qxd5 7.Bc4 Qd6 8.Nbd2 Bf5 9.b4 ( 9.Qe2 {was played in Hansen-Duda, Oslo (rapid) 2022.} ) 9...Bb6 10.Ng5 {Now the game takes on a forcing character and simplifications are inevitable. All is still well-known for both players.} 10...O-O 11.Nde4 Nxe4 12.dxe4 Qxd1+ 13.Kxd1 Bg4+ 14.Kc2 h6 15.Nf3 {White sacrifices a pawn but expects good compensation thanks to the bishop pair. The bishop on c4 is particularly dangerous.} 15...Bxf2 {Here or on the next move, Black could capture the knight on f3, avoiding the novelty that will be played by Nakamura. This has been tried before and White has managed to get adequate compensation, though it's not entirely clear that it's enough for the advantage. Anyway, it's clear that the move played in the game is superior.} ( 15...Bxf3 16.gxf3 Bxf2 17.Rf1 Bh4 18.a4 {Matlakov - Goryachkina, Ufa 2021.} ) 16.Rf1 Bb6 17.a4 a6 18.Nh4 $1 {Here's Nakamura's opening novelty. As usual, the computer is able to find equality, but the task is not easy when you are surprised in the game. It's no wonder that Duda now spent about 3 minutes and played an inaccuracy.} ( 18.Ba3 Rfe8 $1 {No fear of leaving the f7-pawn unprotected.} 19.Rad1 Be6 20.Bxe6 Rxe6 {was OK for Black in Grandelius - Duda, Aimchess Rapid 2022.} ) 18...Nd8 $6 {After this move White has the advantage.} ( 18...Be6 {I believe this is the most practical solution.} 19.Bxe6 fxe6 20.Nf3 ( 20.Ba3 $2 Rf4 $1 {and Black has the advantage.} ) 20...Nd8 $5 {Other moves are also possible, but I like this one, taking the knight to f7. Black is close to equality.} ( 20...Ne7 ) ( 20...Rf6 ) ) 19.a5 Ba7 20.Nf5 Ne6 $2 {Now White has a tactical chance.} ( 20...Re8 {is better, although White has a very pleasant compensation for the pawn.} ) 21.Bxh6 $1 {Nakamura never misses these tactical shots.} 21...Bxf5 ( 21...gxh6 22.Nxh6+ Kg7 23.Nxg4 ) 22.exf5 gxh6 23.fxe6 fxe6 24.Bxe6+ Kg7 25.Rad1 {As is well-known, bishops of opposite colors usually offer good chances of a draw in endgames, but interestingly here Black's position is lost. This is mainly due to the pawn structure, as we will see in some moves.} 25...Rxf1 ( 25...Kg6 26.Rxf8 Rxf8 27.Rd7 Bb8 28.Bd5 {The position is winning for White. Poor b8-bishop.} ) 26.Rxf1 Rf8 {This is forced, otherwise White invades the seventh rank. But now the real problem of the position appears...} 27.Rxf8 Kxf8 28.Bc8 $1 {White gains a pawn on the queenside. Often a pawn advantage is not enough to win in opposite-colored bishop positions, but here it's important to note the pawn structure on the kingside as well. White manages to create passed pawns on both sides of the board and this is fatal.} 28...b6 29.Bxa6 c5 ( 29...bxa5 30.bxa5 {And after stabilizing the position and advancing the kingside, White wins easily, for example:} 30...e4 31.Bb7 e3 32.Kd3 Ke7 33.Ke2 Kf6 34.Kf3 Ke5 35.Ba6 Bc5 36.Bd3 Ba7 37.a6 Bb6 38.g4 Ba7 39.h4 {and so on.} ) 30.Bb5 cxb4 31.a6 $1 bxc3 32.g4 {White will capture the c3-pawn, advance the pawns on the kingside, and march with the king to the queenside.} 1-0

[Event "Chess.com Global Championship 2022 - Fi"]
[Site "Chess.com"]
[Date "2022.11.04"]
[Round "2"]
[White "Giri, Anish"]
[Black "Nihal, Sarin"]
[Result "1-0"]
[WhiteElo "2764"]
[BlackElo "2673"]
[ECO "B30"]
[EventDate "2022.??.??"]
[Annotator "rafael"]
[PlyCount "125"]
[Beauty "6258304221714"]
[EventType "team-tourn"]
[TimeControl "900+2"]

1.e4 c5 2.Nf3 Nc6 3.Bb5 {My impression is that the Rossolimo Variation already surpasses the Open Sicilian in popularity, at least among the elite. This happens because White is failing to pose serious problems for Black in the Sveshnikov Defense.} 3...e6 ( 3...g6 {is the other critical move. Which one is the better $2 Impossible to answer—it's a matter of taste.} ) 4.O-O Nge7 {Preparing to recapture on c6 with the knight if necessary.} 5.d4 ( 5.Re1 {is the most popular move.} ) ( 5.c3 {is also critical.} ) 5...cxd4 6.Nxd4 Ng6 7.Be3 Be7 8.c3 {This is the most popular move among elite players nowadays. The idea is to prepare the capture with the pawn on d4.} 8...O-O 9.Nd2 a6 10.Bd3 b5 11.Qh5 $5 {Both players are following a very high-level game played less than a month ago. The queen is often very well placed on h5 in positions with a knight on g6, as it cannot be chased away easily. The white bishop points to the king, and there is the prospect of an attack.} 11...Bb7 12.Nxc6 {A theoretical novelty and the fruit of home preparation, judging by the speed with which it was played by Giri.} ( 12.Rad1 Nxd4 13.cxd4 Qe8 14.f3 f6 15.Nb3 {was slightly better for White in Navara - Gelfand, Czech Republic 2022.} ) 12...dxc6 {Taking with the bishop is also possible.} ( 12...Bxc6 13.f4 d5 $1 14.e5 b4 {with a complicated game.} ) 13.Bc2 c5 14.f4 {It's time to evaluate what's going on. Watching the game during the broadcast, I saw that the computer judged the position as roughly equal, but it seems to me that it's easier to play with White, as his moves are more natural. Surely this is better than trying to face the Sveshnikov.} 14...c4 $2 {This move loses a pawn, and the compensation is not enough. Let's check some alternatives:} ( 14...Re8 {This is a solid move, freeing the f8-square for the knight, defending the h7-pawn, and preventing the f4-f5 advance. But this strategy is passive and White is better.} 15.Nf3 ) ( 14...f5 {White cannot capture the f5-pawn for tactical reasons, so Black takes the opportunity to gain space and prevent the advance of White's f-pawn. But this move creates weaknesses.} 15.Rf2 ( 15.exf5 exf5 16.Bxf5 $4 Qd5 {and Black wins.} ) ) ( 14...Qc7 $1 {Is the best move. It lessens the strength of the f5-advance, as the knight is protected on e5. Also, now the rooks are connected, and the queen helps a c4-Bc5 plan in the future.} ) 15.f5 $1 Ne5 ( 15...exf5 $2 {loses after} 16.exf5 Ne5 17.f6 ) 16.fxe6 f6 ( 16...Bf6 17.Nf3 {is also very unpleasant for Black.} ) 17.Nf3 g6 ( 17...Qc7 {gives better saving chances.} ) 18.Qh3 Nd3 19.Qg4 $1 {A subtle and very strong move, preparing to exploit the weaknesses around the black king.} 19...Bc5 ( 19...Nxb2 20.Nh4 $1 {The attack is too strong. White is ready to sac the knight on g6.} ) 20.Bxc5 Nxc5 21.Nd4 Qe7 22.b4 $1 {White is just in time.} 22...cxb3 $6 {This move loses, although it's hard to criticize it since leaving the e6-pawn protected by the powerful knight seems hopeless.} ( 22...Nd3 23.Bxd3 cxd3 24.h4 {White has a nearly winning advantage.} ) 23.axb3 Bc8 24.b4 $1 Bxe6 ( 24...Nxe6 25.Bb3 Re8 {Black is tied up, and it's not surprising that White has many winning moves.} 26.e5 $5 ( 26.Bd5 ) 26...fxe5 27.Qe4 ) 25.Qd1 $1 {These long backward moves are indeed very beautiful. White wins material.} ( 25.Nxe6 {also wins, using the same idea.} 25...Qxe6 ( 25...Nxe6 26.Bb3 Rfe8 27.e5 $1 fxe5 28.Rae1 {and Black's king won't survive long.} ) 26.Qd1 $1 Rad8 27.Qb1 $1 {The last two moves are of rare beauty. White wins a piece as the knight cannot move because of the pin with 28.Bb3.} ) 25...Bc4 ( 25...Nd7 26.Nxe6 Qxe6 27.Bb3 {This is the point of White's play.} ) 26.bxc5 Bxf1 27.Kxf1 f5 ( 27...Qxc5 28.Bb3+ Kh8 29.Ne6 Qxc3 30.Nxf8 Rxf8 31.Rxa6 {White wins easily.} ) 28.Bb3+ Kh8 29.Ne6 {White is completely won, but Giri was in huge time trouble.} 29...Rad8 30.Nxd8 ( 30.Bd5 {is even better.} 30...fxe4+ 31.Ke2 ) 30...Rxd8 31.Bd5 Qxc5 32.Qf3 ( 32.Qd4+ {This is a good move to play in time trouble, exchanging queens with a simple win after} 32...Qxd4 33.cxd4 fxe4 34.Bxe4 Rxd4 35.Bc6 {The a6-pawn falls.} ) 32...Qd6 33.Kg1 ( 33.Qe3 $1 ) 33...Qe5 34.Rf1 fxe4 35.Bxe4 Rc8 36.Qf6+ {It's always good when you are a piece up in time trouble and manage to exchange queens.} 36...Qxf6 37.Rxf6 a5 38.Rb6 Rc5 39.Bf3 a4 40.Be2 a3 41.Ra6 Rxc3 42.Bxb5 {The rest is simple.} 42...Rc1+ 43.Bf1 Rc3 44.h3 Kg7 45.Kh2 Rb3 46.Bc4 Rc3 47.Ra7+ Kf6 48.Bg8 h5 49.Ra6+ Kg7 50.Bd5 h4 51.Be4 Rg3 52.Bf3 Rg5 53.Ra7+ Kf6 54.Rxa3 Rc5 55.Ra6+ Kg7 56.Rc6 Re5 57.Rc4 g5 58.Rd4 Kf6 59.Rd6+ Kf5 60.Rd5 Rxd5 61.Bxd5 g4 62.hxg4+ Kxg4 63.Bf3+ 1-0